 Dungeon Crawl Stone Soup version 0.21-a0-314-gb3271ec (webtiles) character file.

268440 4thArraOfDagon the Fighter (level 20, -2/185 HPs)
             Began as a Gnoll Fighter on Sept 28, 2017.
             Was the Champion of Ashenzari.
             Slain by a peacekeeper (13 damage)
             ... in the Desolation of Salt on Sept 30, 2017.
             The game lasted 02:00:29 (18304 turns).

4thArraOfDagon the Fighter (Gnoll Fighter)         Turns: 18304, Time: 02:00:29

Health: -2/185     AC: 32    Str: 24    XL:     20   Next: 15%
Magic:  20/36      EV: 21    Int: 26    God:    Ashenzari [******]
Gold:   1922       SH: 15    Dex: 15    Spells: 7/44 levels left

rFire    + . .     SeeInvis +   X - +7 broad axe (vamp)
rCold    . . .     Gourm    .   G - +0 shield of Anaesthesia {Int+6} (curse)
rNeg     + + .     Faith    .   (armour currently unavailable)
rPois    ∞         Spirit   .   V - +2 hat (curse)
rElec    +         Reflect  .   (no cloak)
rCorr    .         Harm     .   (gloves currently unavailable)
MR       +++++     Clarity  +   (boots currently unavailable)
Stlth    +++++.....             J - amulet "Solusaem" {RegenMP *Contam rElec MR+++ SInv} (curse)
HPRegen  0.40/turn              g - ring of positive energy
MPRegen  0.50/turn              d - ring of wizardry (curse)

@: statue-form, very slow
A: distributed training, antennae 1, fangs 1, clever 1, fire resistance 1, frail
1, magic resistance 1, sense surroundings 1, strong 2, wild magic 1, strong nose
}: 2/15 runes: decaying, serpentine
a: End Transformation, Curse Item, Scrying, Renounce Religion


You were in the Desolation of Salt.
You worshipped Ashenzari.
Ashenzari was exalted by your worship.
You were hungry.
You were a stone statue.
You visited 7 branches of the dungeon, and saw 34 of its levels.
You also visited: Bailey and Desolation.

You collected 3854 gold pieces.
You spent 1932 gold pieces at shops.

Inventory:

Hand Weapons
 P - a +4 long sword of slicing
 T - the +9 mace of Citioqas {drain, rF+ MR+ Int+3}
   (You found it on level 10 of the Dungeon)

   A truly terrible weapon, it drains the life of those it strikes.
   It affects your intelligence (+3).
   It protects you from fire.
   It affects your resistance to hostile enchantments.
 X - a +7 vampiric broad axe (weapon)
Missiles
 v - 10 tomahawks of returning
 Y - 2 throwing nets (quivered)
Armour
 a - the +9 scales of the Dragon King {rPois rF+ rC+ MR+}
   (You found it in the Desolation of Salt)

   It protects you from fire.
   It protects you from cold.
   It protects you from poison.
   It affects your resistance to hostile enchantments.
 c - a +1 pair of gloves of strength (melded)
 G - the cursed +0 shield of Anaesthesia (worn) {Int+6}
   (You found it in a bailey)

   It affects your intelligence (+6).
   It has a curse placed upon it.
 U - the cursed +2 chain mail of Cetesog (melded) {rC+ Regen+ Str+2 Dex-4}
   (You found it in a bailey)

   It affects your strength (+2).
   It affects your dexterity (-4).
   It protects you from cold.
   It increases your rate of regeneration.
   It has a curse placed upon it.
 V - a cursed +2 hat (worn)
 W - a +0 troll leather armour
 Z - the cursed +0 pair of boots of Satisfaction (melded) {Slay+3}
   (You found it in the Desolation of Salt)

   It affects your accuracy and damage with ranged weapons and melee attacks
   (+3).
   It has a curse placed upon it.
Magical Staves
 K - an uncursed staff of wizardry {!a}
Jewellery
 d - a cursed ring of wizardry (right hand)
 g - a ring of positive energy (left hand)
 s - an uncursed ring of protection from fire
 J - the cursed amulet "Solusaem" (around neck) {RegenMP *Contam rElec MR+++ SInv}
   (You acquired it on level 6 of the Lair of Beasts)

   [amulet of magic regeneration]

   It increases your magic regeneration.
   It insulates you from electricity.
   It affects your resistance to hostile enchantments.
   It lets you see invisible.
   It causes magical contamination when unequipped.
   It has a curse placed upon it.
Wands
 b - a wand of clouds (3/9)
 l - a wand of iceblast (10/15)
 y - a wand of scattershot (2/9)
 Q - a wand of acid (8/15)
 S - a wand of scattershot (5/9)
Scrolls
 k - a scroll of summoning
 m - 12 scrolls of teleportation
 p - 5 scrolls of magic mapping
 q - 11 scrolls of blinking
 r - 3 scrolls of remove curse
 u - 2 scrolls of fear
 x - 7 scrolls of enchant armour
 z - 3 scrolls of holy word
 D - 2 scrolls of amnesia
 E - 7 scrolls of fog
 F - 3 scrolls of immolation
 M - a scroll of recharging
 N - 2 scrolls of torment
 R - 2 scrolls of identify
Potions
 e - 5 potions of flight
 h - 9 potions of brilliance
 i - 8 potions of curing
 j - 2 potions of agility
 n - 4 potions of magic
 o - 2 potions of mutation
 t - 8 potions of heal wounds
 A - 9 potions of haste
 C - 3 potions of ambrosia
 H - 7 potions of might
 L - a potion of cancellation
Miscellaneous
 B - 2 boxes of beasts
 I - a lightning rod (4/4)
Comestibles
 f - 11 bread rations
 w - 13 meat rations


   Skills:
 + Level 14.1 Fighting
 + Level 12.0 Short Blades
 + Level 13.2 Long Blades
 + Level 13.3 Axes
 + Level 12.8 Maces & Flails
 + Level 12.6 Polearms
 + Level 13.7 Staves
 + Level 12.9 Slings
 + Level 13.0 Bows
 + Level 12.5 Crossbows
 + Level 12.5 Throwing
 + Level 13.9(18.0) Armour
 + Level 13.3 Dodging
 + Level 12.3 Stealth
   Level 0.0 Stabbing
 + Level 14.1(16.7) Shields
   Level 0.0 Traps
 + Level 12.6 Unarmed Combat
 + Level 12.6 Spellcasting
 + Level 13.0(15.6) Conjurations
 + Level 13.3(15.9) Hexes
 + Level 12.4(15.1) Charms
 + Level 12.0(14.7) Summonings
 + Level 12.8(15.5) Necromancy
 + Level 12.1(14.8) Translocations
 + Level 12.4(15.1) Transmutations
 + Level 12.6(15.2) Fire Magic
 + Level 12.8(15.4) Ice Magic
 + Level 12.5(15.1) Air Magic
 + Level 12.1(14.8) Earth Magic
 + Level 12.5(15.1) Poison Magic
 + Level 13.7 Invocations
 + Level 12.1(14.8) Evocations


You had 7 spell levels left.
You knew the following spells:

 Your Spells              Type           Power        Failure   Level  Hunger
a - Apportation           Tloc           ######       1%          1    None
b - Statue Form           Tmut/Erth      #######..    1%          6    #####..
c - Iron Shot             Conj/Erth      #######...   1%          6    #####..
d - Freezing Cloud        Conj/Ice/Air   #######...   1%          6    #####..
e - Orb of Destruction    Conj           #######...   3%          7    ######.
f - Blink                 Tloc           N/A          1%          2    None
g - Swiftness             Chrm/Air       #######.     1%          2    None
h - Lee's Rapid Deconstr  Erth           #######...   1%          5    ###....
i - Sublimation of Blood  Necr           #######...   1%          2    None


Dungeon Overview and Level Annotations

Branches:
Dungeon (14/15)            Temple (0/1) D:7            Lair (6/6) D:11
  Swamp (4/4) Lair:3        Snake (4/4) Lair:3        Slime (0/5) Lair:6
    Orc (2/2) D:10            Elf (3/3) Orc:2        Vaults (1/5) D:14

Altars:
Ashenzari
Elyvilon
Fedhas
Hepliaklqana
Kikubaaqudgha
Nemelex Xobeh
Ru
Sif Muna
Trog
Uskayaw
Vehumet
Xom
Yredelemnul
Beogh

Shops:
D:4 [   D:5 !   D:7 *   D:12 !   D:13 :[(**   Orc:2 ?[%}

Portals:
Pandemonium: Orc:2

Annotations:
D:8 Gastronok; vatarom's ghost, novice GnMo
Lair:1 2 transporters
Elf:2 1 runed door


Innate Abilities, Weirdness & Mutations

Your experience applies equally to all skills.
You have very sharp teeth.
Your uncanny sense of smell can sniff out nearby items.
You have a pair of small antennae on your head.
((You are partially covered in iridescent scales. (AC +2)))
((You are partially covered in molten scales. (AC +2)))
Your mind is acute. (Int +2)
Your flesh is heat resistant. (rF+)
You are frail. (-10% HP)
You are resistant to hostile enchantments. (MR+)
You passively map a small area around you.
Your muscles are very strong. (Str +4)
Your spells are a little harder to cast, but a little more powerful.


Message History

You destroy the saltling!
You slash the peacekeeper!
You destroy the peacekeeper!
You hit the peacekeeper. You block the peacekeeper's attack. x2
The saltling hits you!!
* * * LOW HITPOINT WARNING * * *
The peacekeeper closely misses you. The peacekeeper misses you.
The saltling barely misses you.
The guardian serpent casts a spell at you.
You resist with almost no effort.
A saltling comes into view.
Unknown command.
You closely miss the guardian serpent. You hit the peacekeeper.
You slash the saltling!
You destroy the saltling!
The peacekeeper bites you but does no damage.
The peacekeeper misses you. The guardian serpent hits you!
* * * LOW HITPOINT WARNING * * *
You block the peacekeeper's attack. The peacekeeper claws you!
You die...

, ,, ,
.......................
,,,,,,
,,,........##.............
, ,,,,,,
....................,,#. ,
, , ,
..#................#####
,.....§...§...§.....#|...
,, ,,,,,
......§..§..§§.§...#.#..
,,
,,......§§§§§§§§§§......#.
, ,,
.....§§§§§§§§§§.........
,, ,,
......88§§§§§§§....#..#. ,
, ,
,,.8...§S§§§§§§§.§§..#..#.
, , , ,
......§§§§§§§§§...##.=##
,, ,, ,
§.§..§§§§§§§§§§..).#))#, ,
, ,§.§.§§. ,§§§§§§§..###8*
, ,
,.§.§..#,,,,§.§§§...§§,..
, ,,,,,,§§§§,.* ,
§§...§§§§§§.. , ,,,§§, .,
, §§....§§§§§,, , , ,,, ,
, , , ..§§#..§.§.


You could see a peacekeeper, a guardian serpent and a saltling.

Vanquished Creatures
  Bai Suzhen (Snake:4)
  Rupert (Lair:3)
  A tentacled monstrosity (Swamp:2)
  2 deep elf blademasters (Elf:3)
  2 deep elf master archers (Elf:3)
  3 thorn hunters
  Donald (Swamp:4)
  11 nagarajas
  An azure jelly (Swamp:4)
  An orc warlord (Orc:1)
  6 deep elf sorcerers (Elf:3)
  An imperial myrmidon (Desolation)
  9 deep elf elementalists (Elf:3)
  Azrael (Orc:2)
  A deep elf demonologist (Elf:3)
  10 deep elf annihilators (Elf:3)
  A halazid warlock (Desolation)
  Snorg (Orc:2)
  2 crystal guardians (Desolation)
  6 deep elf death magi
  5 deep elf high priests (Elf:3)
  Josephine (Orc:2)
  Harold (Lair:4)
  6 naga warriors
  Fannar (Lair:2)
  4 servants of whispers (Desolation)
  2 catoblepae (D:14)
  12 anacondas
  9 hydras
  7 ragged hierophants (Desolation)
  2 ice dragons (Swamp:4)
  6 peacekeepers (Desolation)
  2 ghost crabs
  4 centaur warriors
  6 dancing weapons
  8 alligators
  A two-headed ogre (D:13)
  3 death yaks (Lair:3)
  Erica (Lair:1)
  A small abomination (Elf:3)
  9 naga sharpshooters
  7 shock serpents
  8 deep elf knights
  4 orc high priests (Orc:2)
  A large abomination (Elf:3)
  A sea snake (Snake:1)
  3 torturous demonspawn (Orc:2)
  3 spriggan druids (Swamp:4)
  A wizard (Elf:1)
  A gelid demonspawn (Orc:2)
  3 salamander mystics
  2 swamp dragons
  9 naga ritualists
  4 orc knights (Orc:2)
  4 deep elf archers
  3 ironbrand convokers (Desolation)
  A shambling mangrove (Swamp:4)
  11 mana vipers
  4 ugly things
  A wolf spider (Vaults:1)
  9 orc sorcerers
  32 deep elf magi
  12 salamanders
  A manticore (D:14)
  3 cyclopes
  14 naga magi
  13 guardian serpents
  4 elephants (Lair:4)
  A gargoyle (D:13)
  46 black mambas
  3 molten gargoyles (Desolation)
  2 centaur skeletons (D:14)
  18 spiny frogs
  4 freezing wraiths (Swamp:4)
  4 komodo dragons
  A rime drake (Lair:6)
  A red devil (Orc:2)
  5 polar bears
  6 trolls
  13 hornets
  5 tyrant leeches
  5 bog bodies
  24 saltlings (Desolation)
  14 slime creatures
  6 dream sheep
  A wind drake (shapeshifter) (D:14)
  A harpy skeleton (D:11)
  21 blink frogs
  6 hippogriffs
  2 air elementals
  23 spriggans
  2 shadows (D:14)
  51 yaks
  6 wraiths
  4 fire elementals
  Grum (Lair:1)
  2 ynoxinuls (Orc:2)
  2 wyverns
  A chaos spawn (Orc:2)
  A fire bat (D:10)
  A basilisk (D:11)
  22 vampire mosquitoes
  A hungry ghost (D:10)
  4 swamp worm simulacra (Swamp:4)
  15 swamp worms
  5 insubstantial wisps (Lair:3)
  5 wargs
  32 nagas
  An acid dragon (shapeshifter) (D:14)
  15 hydra simulacra (Swamp:4)
  10 water moccasins
  3 hell hounds (Orc:2)
  8 porcupines
  An ice beast (D:14)
  39 orc warriors
  4 sky beasts
  5 black bears
  7 swamp drakes
  7 necrophages (D:9)
  6 boggarts
  A phantom (D:11)
  24 wolves
  12 centaurs
  11 ogres
  5 crocodiles
  Blork the orc (D:5)
  3 big kobolds
  10 bullfrogs
  3 wyvern zombies
  A wyvern skeleton (D:13)
  2 scorpions
  8 wights
  2 electric eels
  2 howler monkeys (D:12)
  3 centaur zombies
  3 bullfrog zombies (D:9)
  4 crimson imps
  A quasit (D:11)
  2 bullfrog skeletons
  7 jellies
  29 orc wizards
  34 orc priests
  6 hounds
  Natasha (D:3)
  13 worker ants
  2 iguanas
  A hound zombie (D:11)
  2 mummies
  5 worker ant zombies
  Robin (D:4)
  2 howler monkey skeletons
  3 gnolls (Bailey)
  9 adders
  A river rat (D:10)
  A shadow imp (D:9)
  3 oozes
  4 swamp drake simulacra (Swamp:4)
  5 adder zombies (D:9)
  An adder skeleton (D:6)
  2 worms
  2 dart slugs
  7 leopard geckos
  106 orcs
  6 giant cockroaches
  24 goblins
  10 hobgoblins
  12 jackals
  6 quokkas
  A ball python (D:1)
  3 bats
  4 frilled lizards
  A hobgoblin zombie (D:4)
  36 kobolds
  2 kobold zombies (D:4)
  2 leopard gecko skeletons
  An orc zombie (D:4)
  5 rats
  4 briar patches (Swamp:3)
  A crawling corpse (Elf:3)
  2 pillars of salt (Vaults:1)
  2 plants (Lair:6)
1252 creatures vanquished.

Vanquished Creatures (collateral kills)
  The ghost of Megalobster the Fighter, a journeyman GnWn of Ashenzari (Lair:6)
  A two-headed ogre (D:9)
2 creatures vanquished.

Vanquished Creatures (others)
  An anaconda (Snake:4)
  A deep elf mage (Elf:2)
  2 swamp drakes
  An orc (D:11)
  A kobold (D:11)
  6 fungi
  10 plants
22 creatures vanquished.

Grand Total: 1276 creatures vanquished

Notes
Turn   | Place    | Note
-------+----------+-------------------------------------------
     0 | D:1      | 4thArraOfDagon the Gnoll Fighter began the quest for the Orb.
     0 | D:1      | Reached XP level 1. HP: 23/23 MP: 1/1
   124 | D:2      | Reached skill level 1 in Ice Magic
   124 | D:2      | Reached XP level 2. HP: 29/29 MP: 2/2
   207 | D:4      | Noticed an ogre
   229 | D:4      | Found Afaeduocsoa's Armour Boutique.
   247 | D:5      | Entered Level 5 of the Dungeon
   249 | D:5      | You fall through a shaft!
   256 | D:6      | Found a hazy altar of Hepliaklqana.
   257 | D:6      | Noticed a sky beast
   265 | D:6      | Reached skill level 1 in Stealth
   265 | D:6      | Reached skill level 1 in Hexes
   266 | D:6      | Reached skill level 1 in Staves
   266 | D:6      | Reached skill level 1 in Slings
   266 | D:6      | Reached skill level 1 in Crossbows
   266 | D:6      | Reached skill level 1 in Unarmed Combat
   266 | D:6      | Reached skill level 1 in Spellcasting
   266 | D:6      | Reached skill level 1 in Charms
   266 | D:6      | Reached XP level 3. HP: 35/35 MP: 2/4
   277 | D:6      | Killed a sky beast
   277 | D:6      | Reached skill level 1 in Short Blades
   277 | D:6      | Reached skill level 1 in Throwing
   277 | D:6      | Reached skill level 1 in Summonings
   277 | D:6      | Reached skill level 1 in Invocations
   277 | D:6      | Reached skill level 1 in Evocations
   277 | D:6      | Reached XP level 4. HP: 41/41 MP: 3/5
   277 | D:6      | Reached XP level 5. HP: 47/47 MP: 3/6
   290 | D:6      | Found a sacrificial altar of Ru.
   305 | D:6      | Became a worshipper of Ru the Awakened
   317 | D:6      | Reached skill level 1 in Polearms
   317 | D:6      | Reached skill level 1 in Bows
   357 | D:7      | Found a hide-covered altar of Uskayaw.
   357 | D:7      | Noticed a hand axe
   358 | D:7      | Noticed a hand axe
   360 | D:7      | Noticed a centaur
   370 | D:7      | Killed a centaur
   370 | D:7      | Reached skill level 1 in Long Blades
   370 | D:7      | Reached skill level 1 in Dodging
   370 | D:7      | Reached skill level 1 in Translocations
   370 | D:7      | Reached skill level 1 in Air Magic
   370 | D:7      | Reached skill level 1 in Poison Magic
   370 | D:7      | Reached XP level 6. HP: 33/55 MP: 6/9
   394 | D:6      | Reached skill level 1 in Conjurations
   394 | D:6      | Reached skill level 1 in Transmutations
   394 | D:6      | Reached skill level 1 in Earth Magic
   446 | D:6      | Found a shattered altar of Ashenzari.
   490 | D:6      | Fell from the grace of Ru
   490 | D:6      | Became a worshipper of Ashenzari the Shackled
   549 | D:7      | Reached skill level 1 in Fire Magic
   549 | D:7      | Reached XP level 7. HP: 27/60 MP: 10/10
   593 | D:7      | Found an ancient bone altar of Kikubaaqudgha.
   695 | D:7      | Found a staircase to the Ecumenical Temple.
   715 | D:7      | Reached skill level 1 in Necromancy
   727 | D:7      | Reached skill level 5 in Axes
   730 | D:7      | Gained mutation: Your flesh is heat resistant. (rF+) [mutagenic meat]
   731 | D:7      | Gained mutation: You have a pair of small antennae on your head. [mutagenic meat]
   732 | D:7      | Gained mutation: You are partially covered in molten scales. (AC +2) [mutagenic meat]
   733 | D:7      | Gained mutation: You are partially covered in iridescent scales. (AC +2) [mutagenic meat]
   734 | D:7      | Gained mutation: You passively map a small area around you. [mutagenic meat]
   754 | D:8      | Noticed Gastronok
   754 | D:8      | Noticed a hippogriff
   767 | D:7      | Found Yhyny's General Store.
   884 | D:5      | Noticed Blork the orc
   898 | D:5      | Reached XP level 8. HP: 30/67 MP: 12/12
   903 | D:5      | Reached skill level 1 in Maces & Flails
  1379 | D:3      | Found a deep blue altar of Sif Muna.
  1449 | D:4      | Noticed Robin
  1458 | D:4      | Killed Robin
  1605 | D:3      | Found a basalt altar of Yredelemnul.
  1605 | D:3      | Noticed Natasha
  1611 | D:3      | Killed Natasha
  1775 | D:2      | Reached * piety under Ashenzari
  1995 | D:2      | Found a sparkling altar of Nemelex Xobeh.
  2509 | D:5      | Killed Blork the orc
  2509 | D:5      | Reached XP level 9. HP: 64/72 MP: 14/14
  2618 | D:5      | Found Oggaut's Distillery.
  2625 | D:5      | Bought a potion of might for 60 gold pieces
  2625 | D:5      | Bought a potion of might for 60 gold pieces
  2625 | D:5      | Bought a potion of haste for 150 gold pieces
  2625 | D:5      | Bought a potion of degeneration for 15 gold pieces
  2769 | D:7      | Reached ** piety under Ashenzari
  2889 | D:7      | Reached skill level 5 in Staves
  2947 | D:8      | Found a bloodstained altar of Trog.
  3036 | D:8      | Found a blossoming altar of Fedhas.
  3052 | D:8      | Found a radiant altar of Vehumet.
  3054 | D:8      | Noticed vatarom's ghost (novice GnMo)
  3073 | D:9      | Upgraded the game from 0.21-a0-297-ga3d34c2 to 0.21-a0-314-gb3271ec
  3089 | D:9      | Reached skill level 5 in Poison Magic
  3102 | D:9      | Reached skill level 5 in Ice Magic
  3139 | D:9      | Reached skill level 5 in Charms
  3271 | D:9      | Got the uncursed robe of the Moon Troll {rPois Stlth+}
  3288 | D:9      | Reached skill level 5 in Throwing
  3297 | D:9      | Reached skill level 5 in Long Blades
  3297 | D:9      | Reached skill level 5 in Invocations
  3297 | D:9      | Reached XP level 10. HP: 54/80 MP: 16/16
  3349 | D:9      | Reached skill level 5 in Slings
  3410 | D:8      | Noticed a two-headed ogre
  3415 | D:9      | Noticed a two-headed ogre
  3438 | D:9      | Killed a two-headed ogre
  3438 | D:9      | Reached skill level 5 in Hexes
  3518 | D:9      | Found a white marble altar of Elyvilon.
  3561 | D:9      | Found a shimmering altar of Xom.
  3605 | D:9      | Reached skill level 5 in Bows
  3691 | D:9      | Reached skill level 5 in Unarmed Combat
  3709 | D:9      | Reached skill level 5 in Polearms
  3883 | D:9      | Reached skill level 5 in Spellcasting
  3895 | D:10     | Entered Level 10 of the Dungeon
  3974 | D:10     | Found a staircase to the Orcish Mines.
  3999 | D:10     | Noticed a two-headed ogre
  4000 | D:10     | Noticed a wolf spider
  4000 | D:10     | a two-headed ogre changed into a wolf spider
  4072 | D:10     | Learned a level 1 spell: Apportation
  4106 | D:10     | Reached skill level 5 in Dodging
  4106 | D:10     | Reached skill level 5 in Summonings
  4166 | D:11     | Noticed a cyclops
  4190 | D:10     | Reached skill level 5 in Fire Magic
  4291 | D:10     | Reached skill level 5 in Necromancy
  4312 | D:10     | Reached skill level 5 in Stealth
  4312 | D:10     | Reached skill level 5 in Transmutations
  4363 | D:10     | Got the mace of Citioqas {drain, rF+ MR+ Int+3}
  4367 | D:10     | Identified the +9 mace of Citioqas {drain, rF+ MR+ Int+3} (You found it on level 10 of the Dungeon)
  4413 | D:10     | Gained mutation: You are partially covered in thin metallic scales. (AC +2) [mutagenic meat]
  4414 | D:10     | Gained mutation: You are resistant to hostile enchantments. (MR+) [mutagenic meat]
  4415 | D:10     | Gained mutation: Your muscles are strong. (Str +2) [mutagenic meat]
  4416 | D:10     | Gained mutation: You are frail. (-10% HP) [mutagenic meat]
  4417 | D:10     | Lost mutation: You are partially covered in thin metallic scales. (AC +2) [mutagenic meat]
  4431 | D:10     | Reached skill level 5 in Air Magic
  4498 | D:11     | Noticed a cyclops
  4537 | D:11     | Reached skill level 5 in Short Blades
  4537 | D:11     | Reached skill level 5 in Maces & Flails
  4566 | D:11     | Reached XP level 11. HP: 36/78 MP: 19/19
  4570 | D:11     | Reached skill level 5 in Earth Magic
  4579 | D:11     | Reached *** piety under Ashenzari
  4745 | D:12     | Noticed a four-headed hydra
  4761 | D:12     | Killed a four-headed hydra
  4799 | D:12     | Found a flagged portal.
  4819 | Bailey   | Entered a bailey
  4847 | Bailey   | Reached skill level 5 in Conjurations
  4988 | Bailey   | Identified the cursed +0 shield of Anaesthesia {Int+6}
  5013 | Bailey   | Got the uncursed chain mail of Cetesog {rC+ Regen+ Str+2 Dex-4}
  5024 | Bailey   | Identified the +2 chain mail of Cetesog {rC+ Regen+ Str+2 Dex-4} (You found it in a bailey)
  5048 | Bailey   | Identified the +2 robe of the Moon Troll {rPois Stlth+} (You found it on level 9 of the Dungeon)
  5128 | D:13     | Found Moeshe Vups's General Store.
  5130 | D:13     | Noticed a two-headed ogre
  5145 | D:13     | Killed a two-headed ogre
  5149 | D:13     | Found Urchirika's General Store.
  5159 | D:13     | Bought a scroll of random uselessness for 16 gold pieces
  5159 | D:13     | Bought a scroll of remove curse for 48 gold pieces
  5168 | D:13     | Bought a wand of clouds (3/9) for 231 gold pieces
  5224 | D:13     | Noticed a centaur warrior
  5224 | D:13     | Noticed a red ugly thing
  5229 | D:13     | Killed a centaur warrior
  5237 | D:13     | Killed a red ugly thing
  5253 | D:13     | Found Cyesue's Armour Shop.
  5257 | D:13     | Noticed a deep elf mage
  5267 | D:13     | Killed a deep elf mage
  5267 | D:13     | Reached skill level 5 in Crossbows
  5270 | D:13     | Noticed a cyclops
  5287 | D:13     | Killed a cyclops
  5332 | D:13     | Reached skill level 5 in Translocations
  5346 | D:12     | Noticed a centaur warrior
  5356 | D:12     | Killed a centaur warrior
  5356 | D:12     | Reached skill level 5 in Evocations
  5412 | D:13     | Reached skill level 10 in Shields
  5479 | D:13     | Reached XP level 12. HP: 51/85 MP: 22/22
  5578 | D:13     | Found Xawyklug's Book Shoppe.
  5628 | D:13     | Noticed a centaur warrior
  5645 | D:13     | Killed a centaur warrior
  5806 | D:13     | Found Voudgh's Weapon Boutique.
  5947 | D:14     | Noticed a catoblepas
  5967 | D:14     | Killed a catoblepas
  6017 | D:14     | Noticed a centaur warrior
  6027 | D:14     | Killed a centaur warrior
  6181 | D:14     | Found a gate to the Vaults.
  6213 | D:14     | Reached skill level 10 in Fighting
  6284 | D:14     | Noticed a catoblepas
  6309 | D:14     | Killed a catoblepas
  6309 | D:14     | Reached skill level 10 in Armour
  6456 | D:13     | Bought a book of the Earth for 845 gold pieces
  6463 | D:13     | Learned a level 6 spell: Statue Form
  6470 | D:13     | Learned a level 6 spell: Iron Shot
  6575 | D:12     | Found Ebiajidd's Distillery.
  6813 | D:11     | Found a staircase to the Lair.
  6845 | D:11     | Reached XP level 13. HP: 70/92 MP: 23/23
  6989 | Orc:1    | Entered Level 1 of the Orcish Mines
  6989 | Orc:1    | Noticed an orc warlord
  6996 | Orc:1    | Reached **** piety under Ashenzari
  7000 | Orc:2    | Entered Level 2 of the Orcish Mines
  7011 | Orc:2    | Noticed Josephine
  7521 | Orc:2    | Found Vuuleg's Food Emporium.
  7563 | Orc:2    | Found Quinan's Magic Scroll Shoppe.
  7636 | Orc:2    | Bought a scroll of teleportation for 39 gold pieces
  7636 | Orc:2    | Bought a scroll of teleportation for 39 gold pieces
  7636 | Orc:2    | Bought a scroll of teleportation for 39 gold pieces
  7690 | Orc:2    | Found a roughly hewn altar of Beogh.
  8364 | Orc:2    | Found Ybups's Gadget Shop.
  8364 | Orc:2    | Found Decw's Antique Armour Boutique.
  8364 | Orc:2    | Found a one-way gate leading to the halls of Pandemonium.
  8549 | Orc:1    | Noticed Snorg
  8560 | Orc:2    | Killed Snorg
  8713 | Orc:2    | Found a staircase to the Elven Halls.
  8745 | Orc:2    | Killed Josephine
  8745 | Orc:2    | Reached XP level 14. HP: 83/101 MP: 26/26
  9077 | Lair:1   | Entered Level 1 of the Lair of Beasts
  9130 | Lair:1   | Reached skill level 10 in Axes
  9166 | Lair:1   | Reached skill level 10 in Invocations
  9207 | Lair:1   | Noticed Erica
  9222 | Lair:1   | Killed Erica
  9298 | Lair:1   | Found a transporter.
  9410 | Lair:1   | Found a transporter.
  9434 | Lair:1   | Noticed Grum
  9462 | Lair:1   | Killed Grum
  9638 | Lair:2   | Noticed Fannar
  9662 | Lair:2   | Killed Fannar
 10003 | Lair:3   | Identified the +4 scale mail of Vanity {*Corrode rF+ rN+ MR++}
 10053 | Lair:3   | Reached ***** piety under Ashenzari
 10156 | Lair:3   | Noticed Rupert
 10168 | Lair:3   | Killed Rupert
 10206 | Lair:3   | Reached skill level 10 in Long Blades
 10332 | Lair:3   | Found a staircase to the Snake Pit.
 10473 | Lair:4   | Noticed Harold
 10497 | Lair:4   | Killed Harold
 10572 | Lair:4   | Gained mutation: Your body sometimes deteriorates upon taking damage. [mutagenic glow]
 10689 | Lair:4   | Reached skill level 10 in Staves
 10710 | Lair:4   | Reached XP level 15. HP: 108/108 MP: 24/28
 10717 | Lair:4   | Reached skill level 10 in Hexes
 11005 | Lair:5   | Reached skill level 10 in Bows
 11189 | Lair:6   | Entered Level 6 of the Lair of Beasts
 11308 | Lair:6   | Rhok: !lg 4thArraOfDagon
 11309 | Lair:6   | beem: 13583. 4thArraOfDagon the Skirmisher (L8 GnFi), quit the game on D:6 on 2017-09-28 15:04:39, with 1261 points after 1420 turns and 0:07:53.
 11384 | Lair:6   | Reached skill level 10 in Ice Magic
 11425 | Lair:6   | Thaneod: !lw 4thArraOfDagon
 11445 | Lair:6   | Thaneod: !lastwin 4thArraOfDagon
 11643 | Lair:6   | Rhok: Oo
 11667 | Lair:6   | p0werm0de: ALOHA!! capitanos del dcss
 11676 | Lair:6   | Noticed Megalobster's ghost (journeyman GnWn)
 11676 | Lair:6   | Rhok: saludos
 11677 | Lair:6   | Rhok: :)
 11700 | Lair:6   | Killed Megalobster's ghost
 11709 | Lair:6   | Found a staircase to the Slime Pits.
 11945 | Lair:6   | Identified a scroll of acquirement
 11945 | Lair:6   | Identified the cursed amulet "Solusaem" {RegenMP *Contam rElec MR+++ SInv} (You acquired it on level 6 of the Lair of Beasts)
 12003 | Lair:4   | Learned a level 6 spell: Freezing Cloud
 12019 | Snake:1  | Entered Level 1 of the Snake Pit
 12039 | Snake:1  | Reached skill level 10 in Slings
 12336 | Snake:1  | Reached skill level 10 in Throwing
 12384 | Snake:1  | Reached skill level 10 in Dodging
 12431 | Snake:1  | Found a hazy altar of Hepliaklqana.
 12617 | Snake:1  | Reached skill level 10 in Maces & Flails
 12643 | Snake:1  | Reached skill level 10 in Spellcasting
 12643 | Snake:1  | Reached skill level 10 in Necromancy
 12685 | Snake:1  | Reached XP level 16. HP: 68/114 MP: 30/30
 12809 | Snake:2  | Reached skill level 10 in Transmutations
 12909 | Snake:2  | Noticed a nagaraja
 12926 | Snake:2  | Killed a nagaraja
 12926 | Snake:2  | Reached skill level 10 in Conjurations
 12935 | Snake:2  | Noticed a nagaraja
 12953 | Snake:2  | Killed a nagaraja
 12953 | Snake:2  | Reached skill level 10 in Air Magic
 13046 | Snake:2  | Learned a level 7 spell: Orb of Destruction
 13113 | Snake:2  | Reached skill level 10 in Polearms
 13129 | Snake:2  | Noticed a nagaraja
 13148 | Snake:2  | Killed a nagaraja
 13149 | Snake:2  | Reached skill level 10 in Fire Magic
 13325 | Snake:3  | Noticed a nagaraja
 13341 | Snake:3  | Killed a nagaraja
 13341 | Snake:3  | Reached skill level 10 in Crossbows
 13343 | Snake:3  | Reached skill level 10 in Unarmed Combat
 13373 | Snake:3  | Reached skill level 10 in Summonings
 13382 | Snake:3  | Reached ****** piety under Ashenzari
 13477 | Snake:4  | Entered Level 4 of the Snake Pit
 13512 | Snake:4  | Reached skill level 10 in Short Blades
 13543 | Snake:4  | Reached skill level 10 in Earth Magic
 13726 | Snake:4  | Noticed Bai Suzhen
 13742 | Snake:4  | Killed Bai Suzhen
 13742 | Snake:4  | Reached skill level 10 in Poison Magic
 13742 | Snake:4  | Reached skill level 10 in Evocations
 13891 | Snake:4  | Noticed a nagaraja
 13891 | Snake:4  | Noticed a nagaraja
 13982 | Snake:4  | Gained mutation: Your mind is acute. (Int +2) [mutagenic meat]
 13983 | Snake:4  | Gained mutation: Your spells are a little harder to cast, but a little more powerful. [mutagenic meat]
 13984 | Snake:4  | Lost mutation: Your body sometimes deteriorates upon taking damage. [mutagenic meat]
 13985 | Snake:4  | Gained mutation: Your muscles are very strong. (Str +4) [mutagenic meat]
 14093 | Snake:4  | Reached skill level 10 in Translocations
 14109 | Snake:4  | Killed a nagaraja
 14109 | Snake:4  | Reached skill level 10 in Stealth
 14176 | Snake:4  | Noticed a nagaraja
 14182 | Snake:4  | Killed a nagaraja
 14182 | Snake:4  | Reached XP level 17. HP: 121/121 MP: 27/32
 14233 | Snake:4  | Reached skill level 10 in Charms
 14639 | Snake:4  | Got a serpentine rune of Zot
 14892 | Lair:3   | Found a staircase to the Swamp.
 14906 | Swamp:1  | Entered Level 1 of the Swamp
 15234 | Swamp:3  | Rhok: !hs * gnfi
 15237 | Swamp:3  | beem: 1013. eld the Executioner (L27 GnFi of Cheibriados), escaped with the Orb and 15 runes on 2017-04-24 07:57:49, with 35608288 points after 41374 turns and 7:59:32.
 15308 | Swamp:3  | Reached XP level 18. HP: 128/128 MP: 31/33
 15553 | Swamp:4  | Entered Level 4 of the Swamp
 15583 | Swamp:4  | Noticed Donald
 15614 | Swamp:2  | Noticed a tentacled monstrosity
 15624 | Swamp:2  | Killed a tentacled monstrosity
 15786 | Swamp:4  | Killed Donald
 16222 | Swamp:4  | Got a decaying rune of Zot
 16503 | Orc:1    | Found a roughly hewn altar of Beogh.
 16631 | Orc:2    | Noticed Azrael
 16636 | Orc:2    | Killed Azrael
 16661 | Elf:1    | Entered Level 1 of the Elven Halls
 16728 | Elf:2    | Found a runed gate.
 16743 | Elf:3    | Entered Level 3 of the Elven Halls
 17149 | Elf:3    | Reached XP level 19. HP: 135/135 MP: 32/35
 17294 | Elf:3    | Learned a level 2 spell: Blink
 17370 | Elf:3    | Got the cursed glaive of Wounding {freeze, +Rage rPois Stlth-}
 17391 | Elf:3    | Learned a level 2 spell: Swiftness
 17405 | Elf:3    | Identified the +1 helmet of the Several Curses {+Blink Str+3 Int-3}
 17413 | Elf:3    | Identified the amulet of Exhibitionism {Spirit +Fly rPois Str+3} (You took it off a deep elf annihilator on level 3 of the Elven Halls)
 17454 | Elf:3    | Identified the Papyrus of the Dusty Frostbite
 17461 | Elf:3    | Learned a level 5 spell: Lee's Rapid Deconstruction
 17550 | Elf:3    | Learned a level 2 spell: Sublimation of Blood
 17596 | Elf:3    | Identified the cursed +2 glaive of Wounding {freeze, +Rage rPois Stlth-} (You took it off a deep elf death mage on level 3 of the Elven Halls)
 17891 | D:12     | Bought 2 potions of might for 80 gold pieces
 17891 | D:12     | Bought a potion of curing for 30 gold pieces
 17891 | D:12     | Bought 2 potions of heal wounds for 100 gold pieces
 17891 | D:12     | Bought a potion of curing for 30 gold pieces
 17891 | D:12     | Bought a potion of agility for 40 gold pieces
 17891 | D:12     | Bought 2 potions of brilliance for 80 gold pieces
 17891 | D:12     | Bought a potion of curing for 30 gold pieces
 18030 | Vaults:1 | Entered Level 1 of the Vaults
 18067 | Vaults:1 | Found a ruined gateway.
 18077 | Desolati | Entered the Desolation of Salt
 18163 | Desolati | Reached XP level 20. HP: 143/143 MP: 36/36
 18182 | Desolati | Identified the +0 pair of boots of Satisfaction {Slay+3}
 18190 | Desolati | Found the +9 scales of the Dragon King {rPois rF+ rC+ MR+}
 18267 | Desolati | Identified the ring of the Coward {MP+9 Dex+3}
 18304 | Desolati | Slain by a peacekeeper

Vault maps used:
D:1:      dpeg_arrival_boxes_within_box
D:2:      nemelex_xobeh_ov_fountains_minmay
D:3:      yredelemnul_altar_generic, nicolae_overflow_hidden_temple,
          uniq_natasha
D:4:      kennysheep_goblin_castle, serial_shops, nicolae_shop_statue_plus,
          minmay_strange_pillars, grunt_ministairs_9, minmay_mini_ossuary
D:5:      first_bread, serial_shops, kennysheep_mini_moat,
          kennysheep_generic_room_9, uniq_prince_ribbit1, uniq_blork_the_orc
D:6:      old_standard_altar, nicolae_overflow_crystal_walls,
          nicolae_ru_great_annihilating_truth
D:7:      dancing_weapons_uskayaw, kennysheep_little_box,
          minmay_temple_entry_butterflies, serial_shops, shop,
          kb_lookout_dungeons_type, small_statue_intersection,
          eino_small_chamber_without_monster, grunt_ogre_cave,
          hangedman_abyss_or_decor_slice
D:8:      lemuel_coloured_pillars_altar, lemuel_crystal_altar, fedhas_altar_2,
          grunt_ministairs_6, uniq_gastronok
D:9:      lemuel_round_altar, lemuel_round_altar, basic_altar, serial_undead,
          serial_undead_c, serial_undead_c, serial_undead_a, serial_undead_a,
          serial_undead_a, serial_undead_f, serial_undead_a, serial_undead_a,
          serial_undead_b, serial_undead_e, wad_mini_maze
D:10:     minmay_orc_entry_temple_small
D:11:     erik_lair_orcish_takeover
D:12:     serial_shops, shop, enter_bailey_2
D:13:     serial_shops, shop, shop, shop, nicolae_shop_crystal,
          nicolae_shop_statue_plus
D:14:     david_vaults_2
Lair:1:   gammafunk_cloud_chamber, grunt_megastairs_3, lemuel_fruit_tree,
          uniq_grum, uniq_erica
Lair:2:   serial_bayou_pond_e, uniq_fannar
Lair:3:   minmay_swamp_entry_wisps, minmay_snake_entry_guardpost_small,
          hangedman_lair_unloving_vines, grunt_megastairs_2, uniq_rupert
Lair:4:   grunt_megastairs_1, uniq_harold
Lair:5:   dpeg_oklob_gauntlet, fungi_pond_lemuel, infiniplex_staircase_pool
Lair:6:   minmay_lair_end_enchanted_forest, nicolae_slime_entry_slimehenge,
          lemuel_fruit_fields
Swamp:1:  nicolae_swamp_fairy_circle, swamp_pool4
Swamp:2:  nicolae_swamp_trees_clearing, swamp_pool1
Swamp:3:  serial_swamp_ruin, evilmike_swamp_ruin_wall,
          evilmike_swamp_ruin_rubble_2, evilmike_swamp_ruin_house_5
Swamp:4:  swamp_icy, swamp_pool1, hangedman_swamp_blocks, uniq_donald
Snake:1:  basic_altar, nicolae_snake_shapes
Snake:2:  spider_trap
Snake:4:  grunt_snake_rune_serpentine_throne, serial_bayou_pond_d,
          grunt_ministairs_7, uniq_bai_suzhen
Orc:1:    basic_altar, uniq_snorg
Orc:2:    pf_orc_diabolical, mines2_david, uniq_josephine, uniq_azrael
Elf:1:    hangedman_elf_disciples, minmay_shop_grove
Elf:2:    minivault_14
Elf:3:    nooodl_elf_gasket, minmay_misc_feat_alley
Vaults:1: v_misc_5, nicolae_vaults_rhombus_6, nicolae_vaults_border_crossing,
          vaults_room_semicircle, hangedman_vaults_nails, v_rooms_5,
          vaults_room_corners, nicolae_vaults_gold_heap,
          portal_desolation_entry_garden
Bailey:   bailey_axe_1, bailey

Skill      XL: |  1  2  3  4  5  6  7  8  9 10 11 12 13 14 15 16 17 18 19 20 |
---------------+-------------------------------------------------------------+-----
Ice Magic      | 1 2 3 5 6 7 8 9 10 11 12 | 12.8
Stealth        | 1 2 3 4 5 6 7 8 9 10 11 12 | 12.3
Hexes          | 1 2 3 4 5 7 8 9 10 11 12 13 | 13.3
Staves         | 1 2 3 4 5 6 7 8 9 10 11 12 13 | 13.7
Slings         | 1 2 3 4 5 7 8 9 10 11 12 | 12.9
Crossbows      | 1 2 4 5 6 7 8 9 10 11 12 | 12.5
Unarmed Combat | 1 2 3 4 5 6 7 8 9 10 11 12 | 12.6
Spellcasting   | 1 2 3 4 5 6 7 8 9 10 11 12 | 12.6
Charms         | 1 2 3 4 5 6 7 8 9 10 11 12 | 12.4
Short Blades   | 1 2 3 5 6 7 8 9 10 11 12 | 12.0
Throwing       | 1 2 3 5 6 7 8 9 10 11 12 | 12.5
Shields        | 7 8 9 10 11 12 13 14 | 14.1
Summonings     | 1 2 3 4 5 6 7 8 9 10 11 12 | 12.0
Invocations    | 1 2 3 4 5 6 7 9 10 11 12 13 | 13.7
Evocations     | 1 2 3 4 5 7 8 9 10 11 12 | 12.1
Polearms       | 1 2 3 4 5 7 8 9 10 11 12 | 12.6
Bows           | 1 2 3 4 6 7 8 9 10 11 12 13 | 13.0
Fighting       | 7 8 9 10 11 12 13 14 | 14.1
Long Blades    | 1 2 3 5 6 7 8 9 10 11 12 13 | 13.2
Dodging        | 1 2 3 4 5 6 8 9 10 11 12 13 | 13.3
Translocations | 1 2 3 4 5 6 7 8 9 10 11 12 | 12.1
Air Magic      | 1 2 3 4 5 6 7 8 9 10 11 12 | 12.5
Poison Magic   | 1 2 4 5 6 7 8 9 10 11 12 | 12.5
Conjurations   | 2 3 4 5 6 8 9 11 12 13 | 13.0
Transmutations | 1 3 4 5 6 7 8 9 10 11 12 | 12.4
Earth Magic    | 1 2 3 4 5 7 8 9 10 11 12 | 12.1
Fire Magic     | 1 2 3 4 5 6 7 8 9 10 11 12 | 12.6
Necromancy     | 2 3 5 6 7 8 9 10 11 12 | 12.8
Axes           | 5 6 7 8 9 10 11 12 13 | 13.3
Armour         | 7 8 9 10 11 12 13 | 13.9
Maces & Flails | 2 4 5 6 7 8 9 10 11 12 | 12.8

Action                   |  1- 3 |  4- 6 |  7- 9 | 10-12 | 13-15 | 16-18 | 19-21 || total
-------------------------+-------+-------+-------+-------+-------+-------+-------++-------
Melee: War axe           |    33 |    52 |   280 |       |    16 |       |       ||   381
       Bite              |     7 |     8 |    67 |   121 |   175 |   126 |    35 ||   539
       Falchion          |       |     7 |   252 |    93 |       |       |       ||   352
       Long sword        |       |       |       |   156 |       |       |       ||   156
       Mace              |       |       |       |   565 |  1566 |   933 |       ||  3064
       Scimitar          |       |       |       |     4 |       |       |       ||     4
       Broad axe         |       |       |       |       |       |    30 |   332 ||   362
Throw: Tomahawk          |       |       |     1 |    58 |     2 |       |       ||    61
       Throwing net      |       |       |       |       |     1 |     1 |       ||     2
 Cast: Statue Form       |       |       |       |       |    29 |    54 |    14 ||    97
       Apportation       |       |       |       |       |    11 |    15 |     9 ||    35
       Iron Shot         |       |       |       |       |       |    50 |     7 ||    57
       Freezing Cloud    |       |       |       |       |       |    41 |       ||    41
       Orb of Destructio |       |       |       |       |       |     8 |       ||     8
Invok: Curse Item        |       |       |       |     1 |     3 |       |     1 ||     5
       Scrying           |       |       |       |       |     1 |       |       ||     1
 Abil: End Transformatio |       |       |       |       |     7 |    31 |     4 ||    42
Evoke: Wand              |       |       |       |    26 |     3 |     3 |       ||    32
       Sack of spiders   |       |       |       |    10 |       |       |       ||    10
       Box of beasts     |       |       |       |       |     2 |     1 |       ||     3
       Lightning rod     |       |       |       |       |     2 |       |       ||     2
  Use: Scroll            |     3 |       |     4 |    13 |    14 |    14 |     4 ||    52
       Potion            |     1 |       |     1 |     6 |     5 |     2 |     1 ||    16
 Stab: Paralysed         |       |     2 |       |       |       |       |       ||     2
       Petrified         |       |       |       |     1 |       |       |       ||     1
       Sleeping          |       |       |       |       |     4 |     2 |     1 ||     7
       Distracted        |       |       |       |       |     1 |     1 |     1 ||     3
  Eat: Chunk             |       |       |    14 |    13 |    20 |    20 |     6 ||    73
       Fruit             |       |       |       |     4 |    15 |       |       ||    19
       Royal jelly       |       |       |       |     3 |     2 |     5 |     2 ||    12
       Bread ration      |       |       |       |       |       |     8 |       ||     8
Armor: Scale mail        |     2 |       |       |       |       |       |       ||     2
       Plate armour      |    13 |    39 |   393 |   268 |       |       |       ||   713
       Skin              |       |       |       |    62 |   413 |   426 |   205 ||  1106
       Chain mail        |       |       |       |   199 |   391 |    57 |    13 ||   660
Dodge: Dodged            |     6 |    11 |   191 |   351 |   986 |   748 |   365 ||  2658
Block: Shield            |    14 |    39 |   242 |   273 |  1386 |   892 |   388 ||  3234
       Buckler           |       |       |    78 |   192 |       |       |       ||   270
       Rpst.: Falchion   |       |       |    25 |    11 |       |       |       ||    36
       Long sword        |       |       |       |     9 |       |       |       ||     9
       Scimitar          |       |       |       |     1 |       |       |       ||     1

Table legend:
 A = Spawn XP
 B = Non-spawn XP
 C = Spawn XP percentage of total XP
 D = Spawn monster count
 E = Non-spawn monster count
 F = Spawn count percentage of total count
 G = Total turns spent on level
                    A         B        C        D         E        F      G
               +---------+---------+-------+---------+---------+-------+---------
         Total |       0 |  413600 |   0.0 |       0 |    1248 |   0.0 | 18304
               +---------+---------+-------+---------+---------+-------+---------
           D:1 |       0 |      19 |   0.0 |       0 |      10 |   0.0 |   185
           D:2 |       0 |      19 |   0.0 |       0 |      12 |   0.0 |   365
           D:3 |       0 |     144 |   0.0 |       0 |      29 |   0.0 |   439
           D:4 |       0 |     609 |   0.0 |       0 |      49 |   0.0 |   703
           D:5 |       0 |     802 |   0.0 |       0 |      29 |   0.0 |   349
           D:6 |       0 |     668 |   0.0 |       0 |      22 |   0.0 |   426
           D:7 |       0 |    1192 |   0.0 |       0 |      27 |   0.0 |   460
           D:8 |       0 |      97 |   0.0 |       0 |       3 |   0.0 |   159
           D:9 |       0 |    3148 |   0.0 |       0 |      45 |   0.0 |   809
          D:10 |       0 |    2054 |   0.0 |       0 |      32 |   0.0 |   712
          D:11 |       0 |    3902 |   0.0 |       0 |      45 |   0.0 |   524
          D:12 |       0 |    2709 |   0.0 |       0 |      28 |   0.0 |   443
          D:13 |       0 |    7428 |   0.0 |       0 |      33 |   0.0 |   869
          D:14 |       0 |   10126 |   0.0 |       0 |      34 |   0.0 |   615
        Lair:1 |       0 |    6061 |   0.0 |       0 |      25 |   0.0 |   567
        Lair:2 |       0 |    2385 |   0.0 |       0 |       7 |   0.0 |   264
        Lair:3 |       0 |   14848 |   0.0 |       0 |      43 |   0.0 |   621
        Lair:4 |       0 |    9478 |   0.0 |       0 |      29 |   0.0 |   518
        Lair:5 |       0 |    3081 |   0.0 |       0 |      13 |   0.0 |   310
        Lair:6 |       0 |   17615 |   0.0 |       0 |      82 |   0.0 |   776
       Swamp:1 |       0 |    9008 |   0.0 |       0 |      27 |   0.0 |   298
       Swamp:2 |       0 |   10101 |   0.0 |       0 |      22 |   0.0 |   206
       Swamp:3 |       0 |   15783 |   0.0 |       0 |      39 |   0.0 |   399
       Swamp:4 |       0 |   23821 |   0.0 |       0 |      68 |   0.0 |   590
       Snake:1 |       0 |   21387 |   0.0 |       0 |      42 |   0.0 |   781
       Snake:2 |       0 |   23003 |   0.0 |       0 |      34 |   0.0 |   611
       Snake:3 |       0 |    8041 |   0.0 |       0 |      12 |   0.0 |   168
       Snake:4 |       0 |   60747 |   0.0 |       0 |      89 |   0.0 |  1274
         Orc:1 |       0 |    3546 |   0.0 |       0 |      17 |   0.0 |   357
         Orc:2 |       0 |   23605 |   0.0 |       0 |     117 |   0.0 |  1837
         Elf:1 |       0 |    5724 |   0.0 |       0 |      11 |   0.0 |   103
         Elf:2 |       0 |   11601 |   0.0 |       0 |      17 |   0.0 |   177
         Elf:3 |       0 |   77955 |   0.0 |       0 |      71 |   0.0 |   864
      Vaults:1 |       0 |     550 |   0.0 |       0 |       1 |   0.0 |    47
        Bailey |       0 |     735 |   0.0 |       0 |      32 |   0.0 |   251
    Desolation |       0 |   31608 |   0.0 |       0 |      52 |   0.0 |   227
               +---------+---------+-------+---------+---------+-------+---------
